 Seeded DCSS version 0.30.1-11-g7821555f0a (webtiles) character file.

Game seed: 5 (custom seed)

629 Kazon the Covered (level 7, 0/55 HPs)
             Began as a Barachi Fighter on Nov 21, 2023.
             Was a Follower of Okawaru.
             Succumbed to an adder's poison
             ... on level 5 of the Dungeon on Nov 22, 2023.
             The game lasted 00:13:35 (2913 turns).

Kazon the Covered (Barachi Fighter)                 Turns: 2913, Time: 00:13:36

Health: 0/55       AC:  9    Str: 17    XL:     7   Next: 48%
Magic:  17/17      EV:  6    Int:  9    God:    Okawaru [*.....]
Gold:   203        SH: 13    Dex: 14    Spells: 6/6 levels left

rFire   + + +        f - +0 hand axe (flame)
rCold   . . .        c - +0 tower shield
rNeg    . . .        b - +0 scale mail
rPois   .            i - +0 helmet
rElec   +            (no cloak)
rCorr   .            (no gloves)
SInv    .            r - +0 pair of boots of Hide-and-Seek {Rampage rElec rF+++ Dex-5}
Will    .....        (no amulet)
Stlth   +            s - ring of magical power
HPRegen 0.29/turn    y - +6 ring of dexterity
MPRegen 0.15/turn

%: rampage
@: lethally poisoned (0 -> -3), slow
A: amphibious, slowness 1, strong legs 1, +LOS
a: Hop, Renounce Religion, Heroism


You were on level 5 of the Dungeon.
You worshipped Okawaru.
Okawaru was aware of your devotion.
You visited 2 branches of the dungeon, and saw 6 of its levels.

You collected 203 gold pieces.

Inventory:

Hand Weapons
 a - a +0 long sword
 e - a +2 vampiric dagger
 f - a +0 hand axe of flaming (weapon)
 w - a +0 war axe
Missiles
 k - 3 boomerangs
 t - 5 poisoned darts
 B - 19 stones (quivered)
Armour
 b - a +0 scale mail (worn)
 c - a +0 tower shield (worn)
 i - a +0 helmet (worn)
 r - the +0 pair of boots of Hide-and-Seek (worn) {Rampage rElec rF+++ Dex-5}
   (You acquired it on level 1 of the Dungeon)

   Dex:       It affects your dexterity (-5).
   rF:        It renders you almost immune to fire.
   rElec:     It insulates you from electricity.
   Rampage:   It bestows one free step when moving towards enemies.
Jewellery
 s - a ring of magical power (left hand)
 y - a +6 ring of dexterity (right hand)
Wands
 C - a wand of paralysis (8)
Scrolls
 g - a scroll of fog {unknown}
 m - 2 scrolls of teleportation {unknown}
 n - a scroll of blinking {unknown}
 o - 2 scrolls of identify {unknown}
 p - a scroll of summoning {unknown}
 q - 2 scrolls of magic mapping {unknown}
 x - a scroll of torment {unknown}
 A - a scroll of amnesia {unknown}
Potions
 d - a potion of might
 h - a potion of resistance {unknown}
 j - a potion of invisibility {unknown}
 l - a potion of curing
 u - 3 potions of flight {unknown}
 v - a potion of berserk rage {unknown}
 z - 2 potions of heal wounds {unknown}


   Skills:
 + Level 4.6 Fighting
 + Level 1.0(2.3) Short Blades
 + Level 3.6(3.7) Long Blades
 + Level 3.1 Axes
 * Level 2.5 Throwing
 + Level 5.0 Armour
 + Level 1.4 Dodging
 * Level 2.2 Stealth
 + Level 4.3 Shields
 * Level 1.8 Invocations


You had 6 spell levels left.
You didn't know any spells.
Your spell library contained the following spells:

 Spells                   Type           Power      Damage    Failure   Level
 Frozen Ramparts          Ice            0%         1d1       100%        3
 Ice Form                 Ice/Tmut       0%         N/A       100%        4
 Summon Ice Beast         Ice/Summ       Unusable   N/A       N/A         4

Dungeon Overview and Level Annotations

Branches:
Dungeon (5/15)             Temple (1/1) D:4

Altars:
Dithmenos
Fedhas
Gozag
Hepliaklqana
Okawaru
Qazlal
Trog
Uskayaw
Wu Jian
Yredelemnul
The Shining One


Innate Abilities, Weirdness & Mutations

You are amphibious.
You cover ground slowly.
You can hop short distances.
You have an extended range of vision and can be seen from far away.


Message History

The adder hisses angrily.
You hit the iguana but do no damage.
The iguana is lightly wounded.
You block the iguana's attack.
You hit the iguana. You burn the iguana.
The iguana is moderately wounded.
You block the iguana's attack.
The iguana bites you but does no damage.
You closely miss the iguana.
The iguana is moderately wounded.
The iguana bites you but does no damage.
You hit the iguana. You burn the iguana.
The iguana is heavily wounded.
You closely miss the adder. You block the adder's attack.
You block the iguana's attack. The adder completely misses you.
The iguana bites you.
You hit the iguana. You burn the iguana.
The iguana is severely wounded.
You hit the adder but do no damage. You block the adder's attack.
The iguana bites you!
* * * LOW HITPOINT WARNING * * *
The adder bites you.
* * * LOW HITPOINT WARNING * * *
You are poisoned.
The adder poisons you!
You hit the iguana but do no damage.
The iguana is severely wounded.
You miss the adder.
You feel very sick. The iguana barely misses you.
The adder bites you but does no damage.
You hit the iguana. You burn the iguana.
The iguana is almost dead.
You hit the adder. You burn the adder.
You feel sick. The adder barely misses you. You block the iguana's attack.
The adder bites you but does no damage. The iguana bites you!
* * * LOW HITPOINT WARNING * * *
You completely miss the iguana.
The iguana is almost dead.
You hit the adder. You burn the adder.
You die...

####..## ..
#......# ...
#>.....# ....
####'####+###....
#.............#
+...†.........#
#.............+
#.............#
#.....@.......#
#....Sl.......#
#.............+
#.............#
#####.........#
#.........#
#..<......#
#.........#+#
#............


You could see an iguana and an adder.

Vanquished Creatures
  Sigmund (D:4)
  2 black bears (D:4)
  A scorpion (D:4)
  2 hounds
  An iguana (D:4)
  5 adders
  An ufetubus (D:4)
  3 worms
  6 orcs
  4 bats
  9 endoplasms
  A giant cockroach (D:1)
  12 goblins
  7 hobgoblins
  11 jackals
  3 kobolds
  3 quokkas (D:4)
  6 ball pythons
  3 frilled lizards
  4 rats
85 creatures vanquished.

Notes
Turn   | Place    | Note
-------+----------+-------------------------------------------
     0 | D:1      | Kazon the Barachi Fighter began the quest for the Orb.
     0 | D:1      | Reached XP level 1. HP: 18/18 MP: 1/1
    36 | D:1      | Identified a scroll of acquirement
    36 | D:1      | Acquired the +0 pair of boots of Hide-and-Seek {Rampage
                  | rElec rF+++ Dex-5}
    51 | D:1      | Reached XP level 2. HP: 25/25 MP: 2/2
   131 | D:1      | Reached skill level 4 in Armour
   305 | D:1      | Reached XP level 3. HP: 30/30 MP: 3/3
   958 | D:2      | Reached XP level 4. HP: 37/37 MP: 4/4
  1262 | D:2      | Reached skill level 1 in Throwing
  1288 | D:2      | Reached skill level 1 in Axes
  1583 | D:3      | Found a blossoming altar of Fedhas.
  1603 | D:3      | Reached XP level 5. HP: 23/42 MP: 5/5
  1774 | D:3      | Found a stormy altar of Qazlal.
  1910 | D:3      | Found a faded altar of an unknown god.
  1969 | D:3      | Identified the +2 sling "Qeuhanocyt" {speed, rElec Str-3
                  | Dex+2}
  2021 | D:4      | Found a staircase to the Ecumenical Temple.
  2035 | Temple   | Entered the Ecumenical Temple
  2048 | Temple   | Became a worshipper of Warmaster Okawaru
  2136 | D:4      | HP: 2/42 [poisoned by a scorpion]
  2142 | D:4      | Reached skill level 1 in Short Blades
  2142 | D:4      | Reached skill level 1 in Stealth
  2306 | D:4      | Reached skill level 1 in Dodging
  2428 | D:4      | Noticed a black bear
  2446 | D:4      | Killed a black bear
  2447 | D:4      | Reached XP level 6. HP: 14/48 MP: 6/6
  2452 | D:4      | Found a hazy altar of Hepliaklqana.
  2455 | D:4      | Found a shadowy altar of Dithmenos.
  2455 | D:4      | Noticed a shadow
  2519 | D:4      | Noticed Sigmund
  2534 | D:4      | Killed Sigmund
  2535 | D:4      | Reached skill level 1 in Invocations
  2535 | D:4      | Reached XP level 7. HP: 30/55 MP: 8/8
  2829 | D:5      | Entered Level 5 of the Dungeon
  2842 | D:4      | Reached * piety under Okawaru
  2895 | D:5      | Reached skill level 5 in Armour
  2912 | D:5      | HP: 2/55 [iguana (7)]
  2913 | D:5      | Succumbed to an adder's poison

Illustrated notes

Levels and vault maps discovered:
D:1:      ebering_trefoil_3fold, layout_basic, st_stairs_14, serial_bayou_ford_a
D:2:      layout_basic, hangedman_decor_growths, minmay_close_crescents
D:3:      layout_rooms, mainiacjoe_overflow_concentric_impassable,
          mainiacjoe_overflow_paths, shapermc_ecumenical_altar_acropolis,
          chequers_serial_rivers_micro_b
D:4:      layout_basic, riverfiend_overflow_shadow_ancestor,
          minmay_temple_entry_glass, uniq_sigmund
D:5:      layout_gridville
Temple:   nicolae_temple_elliptical

Skill      XL: |  1  2  3  4  5  6  7 |
---------------+----------------------+-----
Armour         | 4 5 |  5.0
Fighting       | 4 |  4.6
Long Blades    | 3 |  3.6
Throwing       | 1 2 |  2.5
Axes           | 1 2 3 |  3.1
Short Blades   | 1 |  1.0
Stealth        | 1 2 |  2.2
Dodging        | 1 |  1.4
Shields        | 4 |  4.3
Invocations    | 1 |  1.8

Action                     |  1- 3 |  4- 6 |  7- 9 || total
---------------------------+-------+-------+-------++-------
  Melee: Long sword        |   144 |    58 |       ||   202
         Dagger            |       |    78 |       ||    78
         War axe           |       |    60 |       ||    60
         Hand axe          |       |     8 |    58 ||    66
  Throw: Dart              |       |     3 |       ||     3
         Stone             |       |       |     3 ||     3
    Use: Scroll            |     2 |       |       ||     2
         Potion            |     1 |     2 |       ||     3
 Armour: Scale mail        |    87 |   108 |    32 ||   227
  Dodge: Dodged            |    47 |    48 |    19 ||   114
  Block: Buckler           |    10 |       |       ||    10
         Tower shield      |    60 |   128 |    51 ||   239
